 Dungeon Crawl Stone Soup version 0.21.1-1-g345015fe64 (webtiles) character file.

177 Ablot the Covered (level 5, -2/33 HPs)
             Began as a Gargoyle Fighter on July 19, 2018.
             Slain by a worker ant (3 damage)
             ... on level 5 of the Dungeon.
             The game lasted 00:10:51 (2186 turns).

Ablot the Covered (Gargoyle Fighter)                Turns: 2186, Time: 00:10:52

Health: -2/33      AC: 11    Str: 19    XL:     5   Next: 57%
Magic:  5/5        EV: 13    Int:  9    God:
Gold:   128        SH: 12    Dex: 10    Spells: 4/4 levels left

rFire    + . .     SeeInvis .   o - -3 whip (curse)
rCold    x . .     Gourm    .   c - +0 shield
rNeg     + . .     Faith    .   b - +1 scale mail
rPois    ∞         Spirit   .   (no helmet)
rElec    +         Reflect  +   (no cloak)
rCorr    .         Harm     .   (no gloves)
MR       .....                  g - -2 pair of boots (curse)
Stlth    ..........             h - +3 amulet of reflection
HPRegen  0.11/turn              l - ring of fire
MPRegen  0.09/turn              e - +5 ring of evasion

@: no status effects
A: negative energy resistance 1, electricity resistance, unbreathing,
petrification resistance, rot immunity, AC +4
a: no special abilities


You were on level 5 of the Dungeon.
You were not hungry.

You visited 1 branch of the dungeon, and saw 5 of its levels.

You collected 128 gold pieces.

Inventory:

Hand Weapons
 a - a +0 flail
 i - a +0 whip of electrocution
 j - a +2 antimagic dagger
 o - a cursed -3 whip (weapon)
Missiles
 n - a throwing net (quivered)
 r - 20 poisoned needles
Armour
 b - a +1 scale mail (worn)
 c - a +0 shield (worn)
 g - a cursed -2 pair of boots (worn)
Jewellery
 e - a +5 ring of evasion (right hand)
 h - a +3 amulet of reflection (around neck)
 l - a ring of fire (left hand)
 p - an uncursed ring of poison resistance {unknown}
Scrolls
 d - 2 scrolls of identify
 k - a scroll of enchant armour
 m - a scroll of blinking
Potions
 q - a potion of flight
Comestibles
 f - 5 rations


   Skills:
 + Level 3.7 Fighting
 + Level 3.2 Maces & Flails
 + Level 4.2 Armour
 * Level 1.8 Dodging
 - Level 0.9 Stealth
 - Level 4.0 Shields


You had 4 spell levels left.
You didn't know any spells.

Dungeon Overview and Level Annotations

Branches:
Dungeon (5/15)
 Temple: D:4-7

Altars:
Qazlal
Vehumet

Annotations:
D:3 Grinder
D:4 Blork the orc


Innate Abilities, Weirdness & Mutations

You are resistant to torment.
Your stone body is resilient. (AC +4)
You are immune to poison.
You resist negative energy. (rN+)
You are resistant to electric shocks. (rElec)
You can survive without breathing.
You are immune to petrification.
You are immune to rotting.


Message History

You block the worker ant's attack. The gnoll misses you.
You block the iguana's attack. You block the orc's attack.
You hit the orc.
The orc is heavily wounded.
You block the worker ant's attack. The iguana closely misses you.
You block the gnoll's attack. The worker ant misses you.
The orc hits you but does no damage.
Your shield and scale mail prevent you from hitting the orc.
The orc is heavily wounded.
You block the iguana's attack. The worker ant closely misses you.
You closely miss the orc.
The orc is heavily wounded.
You block the orc's attack.
The gnoll hits you from afar with a halberd.
You block the worker ant's attack. The iguana bites you!
* * * LOW HITPOINT WARNING * * *
You whack the orc!
You kill the orc!
You block the gnoll's attack. The worker ant bites you.
You die...

#....# #....# .
##....# .... #....#
#.... ###....# #.[.#
###......####...#
##...#....#@)#..#
#........#.al...####
#####....#g........#
##...............
#................ ####
#.............^..
#..###....#...........
##......###...........
#......## #...........


You could see an iguana, a worker ant and a gnoll.

Vanquished Creatures
  A water moccasin zombie (D:5)
  Jessica (D:2)
  A worker ant (D:5)
  2 adders (D:2)
  An ooze (D:2)
  A worm (D:2)
  3 leopard geckos
  An orc (D:5)
  3 giant cockroaches
  6 goblins
  3 hobgoblins
  A ball python (D:5)
  5 bats
  6 frilled lizards
  7 kobolds
  6 rats
48 creatures vanquished.

Notes
Turn   | Place    | Note
-------+----------+-------------------------------------------
     0 | D:1      | Ablot the Gargoyle Fighter began the quest for the Orb.
     0 | D:1      | Reached XP level 1. HP: 14/14 MP: 1/1
    39 | D:1      | Reached XP level 2. HP: 16/19 MP: 2/2
   633 | D:2      | Reached XP level 3. HP: 22/23 MP: 3/3
   820 | D:2      | Found a faded altar of an unknown god.
  1397 | D:2      | Noticed Jessica
  1414 | D:2      | Killed Jessica
  1414 | D:2      | Reached skill level 1 in Dodging
  1414 | D:2      | Reached XP level 4. HP: 28/28 MP: 4/4
  1815 | D:3      | Noticed Grinder
  1862 | D:3      | Found a radiant altar of Vehumet.
  1862 | D:3      | Found a stormy altar of Qazlal.
  1887 | D:4      | Noticed Blork the orc
  1917 | D:5      | Entered Level 5 of the Dungeon
  1954 | D:5      | Reached XP level 5. HP: 16/32 MP: 5/5
  2185 | D:5      | HP: 1/33 [iguana (9)]
  2186 | D:5      | Slain by a worker ant

Skill      XL: |  1  2  3  4  5 |
---------------+----------------+-----
Dodging        | 1 |  1.8
Shields        | 4 |  4.0
Armour         | 4 |  4.2
Maces & Flails | 3 |  3.2
Fighting       | |  3.7
Stealth        | |  0.9

Action                   |  1- 3 |  4- 6 || total
-------------------------+-------+-------++-------
Melee: Flail             |    40 |       ||    40
       Whip              |   201 |   151 ||   352
  Use: Scroll            |     6 |     1 ||     7
       Potion            |     2 |       ||     2
  Eat: Chunk             |     2 |     1 ||     3
       Ration            |       |     1 ||     1
Armor: Scale mail        |   103 |    67 ||   170
Dodge: Dodged            |    66 |    52 ||   118
Block: Shield            |   147 |   107 ||   254
       Reflection        |     5 |       ||     5
